AoeStats
← Jarl

Nomad

509458939Analyzed
3v3 RM · 5d ago on Sep 26, 2026· 58m 33s· 6 players
Game mode
Random Map
Map size
210×210
Population
200
Speed
Normal
Resources
Standard
Victory
Conquest
Starting age
Dark Age
Ending age
Imperial Age
RankedLock teamsTeams togetherTeam positionsShared explorationLock speedFull tech treeHidden civsTurbo modeCheats
Victory
Defeat
🇸🇪 Dravidians · Sweden
1185
+14
🇩🇪 Goths · Germany
1100
+17
🇹🇷 Burgundians · Türkiye
1055
+54
🇮🇹 Wu · Italy
1164
-18
🇮🇹 Persians · Italy
1114
-16
🇮🇹 Bohemians · Italy
1096
-15
Itrof
4:10 Loom
14:15 Feudal Age
16:52 Double-Bit Axe
19:15 Fletching
21:57 Castle Age
20:31 Padded Archer Armor
21:20 Fishing Lines
22:22 Crossbowman
25:55 Bodkin Arrow
26:16 Leather Archer Armor
26:15 Gillnets
27:40 Wheelbarrow
29:56 Elite Skirmisher
32:51 Hand Cart
32:54 Town Watch
35:59 Imperial Age
35:54 Bow Saw
36:56 Ballistics
37:37 Chemistry
36:50 Masonry
38:49 Bracer
39:19 Ring Archer Armor
41:40 Conscription
42:01 Town Patrol
41:52 Pikeman
42:46 Forging
42:37 Scale Mail Armor
43:42 Halberdier
51:32 Elite Hussite Wagon
55:16 Iron Casting
Divano87
11:26 Loom
13:43 Feudal Age
14:12 Double-Bit Axe
16:03 Wheelbarrow
16:49 Fishing Lines
24:18 Castle Age
23:34 Stone Mining
24:15 Gold Mining
25:06 Gillnets
27:11 Bloodlines
27:02 Husbandry
28:44 Bow Saw
30:23 Hand Cart
30:29 Scale Barding Armor
30:35 Forging
35:17 Imperial Age
33:54 Iron Casting
34:17 Gold Shaft Mining
33:47 Town Watch
37:53 Imperial Age
41:54 Heavy Hei Guang Cavalry
46:36 Chain Barding Armor
Little John
5:41 Loom
13:29 Feudal Age
14:24 Double-Bit Axe
17:56 Gold Mining
25:33 Castle Age
23:47 Stone Mining
24:19 Horse Collar
24:32 Fishing Lines
26:15 Gillnets
26:53 Husbandry
27:04 Bloodlines
28:16 Wheelbarrow
28:44 Gold Shaft Mining
28:52 Town Watch
30:10 Scale Barding Armor
30:17 Forging
33:44 Bow Saw
34:59 Fletching
35:31 Chain Barding Armor
36:12 Bodkin Arrow
37:10 Iron Casting
40:58 Imperial Age
39:09 Masonry
39:20 Ballistics
38:40 Elite Skirmisher
39:51 Murder Holes
42:40 Conscription
43:52 Kamandaran
44:41 Crossbowman
46:26 Padded Archer Armor
47:01 Plate Barding Armor
47:44 Blast Furnace
47:18 Cavalier
50:00 Leather Archer Armor
49:45 Scale Mail Armor
50:38 Cavalier
51:51 Ring Archer Armor
Eric212
3:05 Loom
14:15 Feudal Age
15:25 Double-Bit Axe
17:10 Gold Mining
17:05 Horse Collar
17:09 Fishing Lines
22:43 Castle Age
21:26 Stone Mining
24:56 Heavy Plow
25:08 Bow Saw
25:27 Forging
25:17 Scale Mail Armor
26:36 Wheelbarrow
25:40 Pikeman
26:20 Squires
27:00 Iron Casting
28:03 Stone Shaft Mining
27:51 Hand Cart
35:11 Imperial Age
34:21 Anarchy
34:10 Man-at-Arms
34:56 Long Swordsman
36:27 Perfusion
36:48 Conscription
38:24 Blast Furnace
37:41 Chain Mail Armor
37:02 Halberdier
37:03 Two-Handed Swordsman
38:28 Champion
43:24 Chemistry
42:21 Murder Holes
42:36 Masonry
42:47 Ballistics
42:42 Elite Huskarl
53:44 Coinage
53:25 Guilds
aksoy14537540
7:14 Loom
12:32 Double-Bit Axe
15:43 Feudal Age
18:24 Forging
18:15 Scale Mail Armor
19:03 Scale Barding Armor
Jarl
7:23 Loom
14:30 Feudal Age
18:32 Castle Age
19:47 Wheelbarrow
19:32 Double-Bit Axe
21:40 Horse Collar
27:32 Husbandry
28:56 Hand Cart
28:52 Fletching
29:24 Padded Archer Armor
30:46 Ballistics
30:52 Heavy Plow
32:43 Thumb Ring
33:30 Bodkin Arrow
40:22 Imperial Age
41:17 Medical Corps
41:33 Conscription
41:21 Bracer
41:45 Leather Archer Armor
43:25 Chemistry
45:51 Ring Archer Armor
46:59 Elite Elephant Archer
52:05 Scale Barding Armor
55:00 Light Cavalry
Connection lost

Rejoining the realm…

Still unreachable

The connection could not be restored.

Session expired

The server has moved on; the page needs a fresh start.